 Dungeon Crawl Stone Soup version 0.29.1-1-gd02db6906a (webtiles) character file.

Game seed: 11594623743928964831

1 Earthwalker the Trooper (level 1, 0/20 HPs)
             Began as a Minotaur Abyssal Knight on Oct 6, 2022.
             Was a Believer of Lugonu.
             Frozen to death by an endoplasm (5 damage)
             ... on level 1 of the Dungeon.
             The game lasted 00:01:30 (123 turns).

Earthwalker the Trooper (Minotaur Abyssal Knight)    Turns: 123, Time: 00:01:30

Health: 0/20       AC:  3    Str: 17    XL:     1   Next: 16%
Magic:  1/1        EV: 11    Int:  7    God:    Lugonu [**....]
Gold:   14         SH:  0    Dex: 10    Spells: 0/0 levels left

rFire   . . .      SeeInvis .   a - +1 spear
rCold   . . .      Faith    .   (no shield)
rNeg    . . .      Spirit   .   b - +0 leather armour
rPois   .          Reflect  .   (helmet restricted)
rElec   .          Harm     .   (no cloak)
rCorr   .          Rampage  .   (no gloves)
Will    .....                   (no boots)
Stlth   +.........              (no amulet)
HPRegen 0.06/turn               (no ring)
MPRegen 0.07/turn               (no ring)

@: no status effects
A: horns 2, retaliatory headbutt
a: Renounce Religion, Depart the Abyss, Bend Space


You were on level 1 of the Dungeon.
You worshipped Lugonu.
Lugonu was pleased with you.
You visited 1 branch of the dungeon, and saw 1 of its levels.
You visited the Abyss 1 time.

You collected 14 gold pieces.

Inventory:

Hand Weapons
 a - a +1 spear (weapon)
Armour
 b - a +0 leather armour (worn)
Potions
 c - a potion of curing {unknown}


   Skills:
 + Level 3.7 Fighting
 + Level 2.5 Polearms
 + Level 2.4 Armour
 + Level 1.1 Dodging
 + Level 1.7 Invocations


You couldn't memorise any spells.
You didn't know any spells.
Your spell library was empty.

Dungeon Overview and Level Annotations

Branches:
Dungeon (1/15)

Altars:


Innate Abilities, Weirdness & Mutations

You have a pair of horns on your head.
You reflexively headbutt those who attack you in melee.


Message History

The kobold shouts!
You hear a shout!
The kobold throws a stone.
The stone hits you.
A kobold is nearby!
A hobgoblin comes into view.
The kobold throws a stone.
The stone misses you.
The kobold throws a stone.
The stone barely misses you.
An endoplasm comes into view.
The endoplasm quivers.
Why would you want to do that? Why would you want to do that?
Found 8 gold pieces.
The endoplasm freezes you.
You are frozen.
The endoplasm freezes you.
You are frozen.
The endoplasm freezes you.
You are frozen.
The endoplasm hits you but does no damage.
The endoplasm closely misses you.
The endoplasm hits you but does no damage.
The endoplasm barely misses you. The endoplasm completely misses you.
You hit the kobold.
You kill the kobold!
Lugonu accepts your kill. The endoplasm misses you.
The endoplasm closely misses you.
Things that are here:
a +0 dagger; 5 stones; a kobold corpse The endoplasm completely misses you.
The hobgoblin barely misses you. The hobgoblin barely misses you.
The endoplasm misses you. The endoplasm freezes you.
You are frozen.
The hobgoblin barely misses you. The endoplasm freezes you.
You are frozen.
The hobgoblin hits you.
* * * LOW HITPOINT WARNING * * *
The hobgoblin closely misses you. The endoplasm freezes you.
You are frozen.
You die...

#...<# #..###
########### #..#.#
######.... #.....
#......... #..#.#
#......... #..#.#
####g...K.... ##..#.#
#..K......)..
#...#.###.####...#..?
# #.@g#.g..# ########
##.#.J......#
#....≈≈≈≈≈...#
#..≈≈≈≈####...#
#..≈≈≈### ##....
#.$.≈≈≈≈# ≈...
#...≈≈≈≈# ≈....
##.≈≈≈≈≈# ≈.##
#.######


You could see an endoplasm and a hobgoblin.

Vanquished Creatures
  A kobold (D:1)
  A rat (D:1)
2 creatures vanquished.

Notes
Turn   | Place    | Note
-------+----------+-------------------------------------------
     0 | Abyss:1  | Earthwalker the Minotaur Abyssal Knight began the quest for
                  | the Orb.
     0 | Abyss:1  | Reached XP level 1. HP: 19/19 MP: 1/1
     3 | D:1      | Escaped the Abyss
   123 | D:1      | Frozen to death by an endoplasm

Illustrated notes

Levels and vault maps discovered:
D:1:      sevenhm_arrival_forest_fort_small_6, layout_rooms, serial_curves,
          eino_curves_03, eino_curves_03, ebering_ecumenical_altar_hall,
          chequers_garden, grunt_decor_junction, minmay_misc_feat_hallway,
          grunt_decor_one_mirror

Action                   || total
-------------------------++-------
Melee: Spear             ||     2
Armor: Leather armour    ||     2
Dodge: Dodged            ||    13
